Map: Odyssey LE

Players

HeroMarine - Winner!

  • Race: Terran Terran
  • League: Master
  • Spawn Location: 5:00

Namshar

  • Race: Zerg Zerg
  • League: Grandmaster
  • Spawn Location: 11:00

Event: HomeStory Cup XVI

VOD

Have the link to the VOD?

Description

Time

  • Played on: Nov. 10, 2017, 1:37 p.m.
  • Length: 10:40

All games in this series

Show
View Real Time Build Order
Export as new Build Order

HeroMarine Terran - Winner!

Build Orders: Hellion Opening, MMM Bio 

Get SALT Encoding   

  12  0:00  SCV  
  13  0:12  SCV  
  14  0:17  Supply Depot  
  14  0:25  SCV  
  15  0:38  SCV  
  15  0:41  Barracks  
  16  0:44  Refinery  
  16  0:51  SCV  
  17  1:03  SCV  
  18  1:15  SCV  
  19  1:29  Orbital Command, Marine  
  20  1:40  Command Center  
  20  1:47  Marine  
  21  1:56  SCV  
  21  1:57  Factory  
  22  2:07  Supply Depot  
  22  2:08  Barracks Reactor  
  22  2:10  SCV  
  22  2:14  Refinery  
  23  2:28  SCV  
  24  2:40  SCV  
  24  2:42  Starport  
  25  2:50  Hellion x2, Barracks Tech Lab  
  29  2:52  Orbital Command  
  29  2:56  SCV  
  30  3:08  SCV  
  33  3:13  Hellion x2  
  33  3:18  SCV  
  36  3:21  SCV  
  36  3:25  Viking  
  39  3:28  Supply Depot  
  39  3:30  SCV  
  39  3:33  SCV  
  41  3:38  Hellion  
  41  3:39  Hellion  
  45  3:42  SCV  
  45  3:47  Supply Depot  
  46  3:50  SCV  
  46  3:54  SCV  
  46  3:55  Medivac  
  50  4:03  SCV  
  50  4:06  Armory, Hellion  
  50  4:07  SCV  
  50  4:08  Hellion  
  56  4:14  Supply Depot  
  56  4:15  SCV  
  57  4:19  Liberator, SCV  
  58  4:27  Hellion  
  58  4:30  Hellion  
  62  4:36  SCV x2  
  62  4:38  Supply Depot  
  67  4:46  Hellion x2  
  67  4:48  SCV x2  
  67  4:49  Barracks Tech Lab  
  69  5:00  Supply Depot, Hellion x2  
  69  5:02  SCV x2  
  73  5:14  SCV  
  73  5:15  SCV  
  75  5:21  Marine  
  75  5:22  Stimpack  
  75  5:26  Command Center  
  72  5:30  SCV  
  72  5:31  SCV  
  70  5:38  Hellion x2  
  70  5:42  Starport Reactor  
  66  5:43  Barracks x2, SCV x2  
  66  5:50  Engineering Bay  
  66  5:51  Refinery, Engineering Bay, Marine  
  66  5:52  Refinery  
  66  5:56  SCV x2  
  65  6:08  SCV x2  
  65  6:10  Barracks x2  
  67  6:11  Marine  
  67  6:16  Terran Infantry Weapons Level 1, Factory Reactor  
  67  6:17  Terran Infantry Armor Level 1  
  68  6:20  SCV x2  
  70  6:28  Hellion x4  
  70  6:30  Starport Reactor, Marine  
  70  6:32  SCV x2  
  72  6:38  Marine x4  
  77  6:44  SCV  
  77  6:45  SCV  
  76  6:48  Marine  
  77  6:56  Widow Mine x2, SCV, Marine x4  
  77  6:57  SCV  
  77  6:59  Barracks Reactor  
  77  7:00  Barracks x3, Barracks Reactor  
  87  7:03  Supply Depot  
  87  7:04  Supply Depot  
  87  7:05  Supply Depot  
  87  7:06  Marine  
  88  7:10  Medivac x2  
  88  7:13  Marine  
  88  7:14  Orbital Command, SCV, Marine x3  
  88  7:15  SCV  
  98  7:24  Marine  
  98  7:26  Widow Mine x2, Combat Shields  
  103  7:31  Marine x3  
  103  7:32  Marine  
  103  7:36  Supply Depot  
  103  7:37  Supply Depot, Marine x4  
  107  7:40  Supply Depot  
  107  7:41  Marine  
  107  7:42  Medivac  
  114  7:44  Medivac  
  114  7:46  Supply Depot  
  116  7:55  Marine  
  116  7:56  Marine x3  
  116  7:57  Barracks Reactor  
  116  7:58  Barracks Tech Lab  
  118  7:59  Marine  
  118  8:00  Supply Depot, Marine x2  
  119  8:05  Supply Depot  
  119  8:09  Marine x2  
  119  8:10  Marine  
  114  8:15  Marine  
  114  8:16  Medivac x2, Marine x2  
  114  8:17  Terran Infantry Weapons Level 2, Terran Infantry Armor Level 2  
  114  8:18  Marine x2  
  121  8:27  Supply Depot, Marine x2, Marauder  
  121  8:28  Marauder x2, Marine  
  121  8:33  Marine x2  
  132  8:36  Sensor Tower  
  132  8:37  Marine  
  132  8:38  Marine x2  
  132  8:40  Marine x2  
  136  8:45  Concussive Shells, Marine x3  
  134  8:48  Marauder  
  134  8:50  Marauder x2  
  134  8:52  Marine x2  
  134  8:54  Widow Mine x2  
  145  8:57  Marine x2  
  145  8:58  Marine  
  147  9:03  Marine  
  147  9:04  Marine  
  149  9:10  Marauder  
  149  9:11  Marauder x2, Marine x2  
  149  9:16  Marine x2  
  154  9:17  Marine  
  154  9:18  Marine x2  
  154  9:22  Widow Mine x2  
  157  9:31  Marauder, Marine x2  
  145  9:32  Marauder  
  145  9:33  Marauder, Marine x2  
  145  9:35  Marine  
  145  9:36  Marine  
  152  9:42  Marine x3  
  155  9:45  Marine  
  155  9:51  Widow Mine x2  
  162  9:53  Marauder  
  162  9:54  Marauder x2  
  154  10:04  Marine x2  
  154  10:06  Marine x2  
  158  10:13  Marine x2  
  157  10:14  Marauder  
  157  10:15  Marauder x2  
  157  10:18  Marine x2  
  157  10:19  Supply Depot, Marine  
  157  10:20  Supply Depot  
Show
View Real Time Build Order
Export as new Build Order

Namshar Zerg 

Build Orders: Hatch First 

Get SALT Encoding   

  12  0:00  Drone  
  13  0:12  Overlord  
  13  0:16  Drone  
  14  0:30  Drone x2  
  14  0:34  Drone  
  17  0:51  Hatchery  
  17  0:53  Drone  
  17  0:57  Drone  
  18  1:07  Extractor  
  17  1:12  Spawning Pool  
  17  1:15  Drone  
  17  1:18  Drone  
  18  1:27  Drone  
  19  1:38  Overlord  
  19  1:49  Drone  
  20  1:58  Queen  
  20  1:59  Zergling x2  
  23  2:02  Queen  
  23  2:03  Zergling x2  
  23  2:07  Metabolic Boost  
  26  2:10  Drone  
  26  2:13  Drone  
  28  2:21  Drone  
  29  2:24  Drone  
  30  2:31  Overlord  
  30  2:34  Queen  
  30  2:36  Drone  
  33  2:43  Drone  
  34  2:44  Pneumatized Carapace  
  34  2:47  Drone  
  35  2:53  Drone  
  36  3:02  Hatchery  
  35  3:09  Drone x2  
  35  3:10  Drone  
  35  3:11  Drone  
  39  3:13  Drone  
  39  3:15  Overlord  
  39  3:18  Drone  
  41  3:20  Drone  
  41  3:25  Drone  
  43  3:27  Overlord  
  43  3:36  Drone  
  43  3:37  Drone  
  45  3:43  Zergling x6  
  45  3:44  Zergling x2  
  45  3:45  Overlord  
  45  3:47  Queen  
  51  3:50  Drone x2  
  53  3:57  Extractor  
  53  4:00  Overlord x2  
  52  4:09  Drone x2  
  54  4:10  Spine Crawler  
  54  4:11  Baneling Nest  
  54  4:15  Overlord  
  52  4:20  Drone x8  
  60  4:25  Lair  
  60  4:37  Drone x2  
  62  4:39  Spore Crawler, Drone  
  62  4:41  Spore Crawler  
  62  4:42  Spore Crawler, Drone  
  61  4:45  Queen  
  61  4:48  Drone x2  
  61  4:51  Drone  
  66  4:54  Drone  
  66  4:55  Drone x2  
  66  4:57  Baneling  
  66  4:58  Baneling x2  
  66  4:59  Drone  
  71  5:00  Drone x2  
  71  5:05  Drone x5  
  77  5:12  Zergling x4  
  79  5:14  Zergling x2  
  79  5:18  Zergling x8  
  81  5:23  Zergling x2  
  79  5:32  Zergling x10  
  74  5:40  Drone  
  74  5:41  Drone  
  71  5:46  Queen  
  71  5:50  Queen x2  
  71  5:54  Drone x4  
  71  5:55  Overseer  
  78  6:09  Extractor, Hatchery  
  78  6:10  Extractor  
  78  6:11  Drone x2  
  77  6:12  Evolution Chamber x2, Centrifical Hooks  
  77  6:14  Drone x3  
  78  6:18  Extractor  
  78  6:20  Overlord x2  
  78  6:21  Drone x3  
  80  6:27  Zergling x4  
  80  6:28  Baneling  
  80  6:29  Baneling  
  82  6:36  Overlord x3  
  82  6:38  Queen  
  83  6:50  Hatchery  
  83  6:52  Drone  
  83  6:53  Drone  
  84  6:55  Zerg Ground Armor Level 1, Zerg Melee Weapons Level 1  
  84  6:56  Drone x2  
  84  6:57  Hatchery  
  84  6:59  Extractor  
  84  7:00  Hydralisk Den  
  84  7:01  Drone x3  
  85  7:04  Overlord  
  86  7:16  Overlord  
  86  7:17  Overlord  
  86  7:18  Zergling x2  
  86  7:19  Zergling x10  
  91  7:23  Queen  
  91  7:25  Queen  
  91  7:27  Zergling x2  
  91  7:28  Zergling x6  
  91  7:29  Baneling x2  
  99  7:30  Baneling x2  
  99  7:40  Overlord  
  99  7:41  Overlord  
  96  7:51  Zergling x2  
  96  7:52  Zergling x14  
  96  7:56  Baneling x2  
  96  7:57  Baneling x2  
  104  8:01  Muscular Augments  
  104  8:02  Drone  
  104  8:03  Infestation Pit  
  102  8:11  Zergling x14  
  101  8:17  Drone  
  101  8:18  Queen, Drone x6  
  110  8:22  Drone x3  
  113  8:31  Baneling x4  
  113  8:32  Overseer  
  113  8:34  Hydralisk  
  113  8:35  Hydralisk x8  
  130  8:47  Extractor, Hatchery  
  122  8:49  Hydralisk  
  122  8:50  Hydralisk x6  
  136  9:02  Hydralisk x2  
  138  9:04  Drone x2  
  138  9:05  Hydralisk, Drone  
  138  9:06  Zergling x12  
  137  9:23  Overlord x6  
  127  9:46  Hydralisk  
  127  9:50  Baneling  
  127  9:51  Baneling x7  
  113  10:00  Hydralisk  
  113  10:03  Hydralisk x4  
  120  10:09  Hydralisk  
  120  10:12  Hydralisk  
  115  10:17  Spawning Pool  
Tags
 
Add a new tag
Caveats
  • Supply blocks, unpowered buildings, or Contaminate may cause inaccurate times.
  • Supply counts are checked every 10 seconds.